 Dungeon Crawl Stone Soup version 0.29-a0-721-g7f417c9bbb (webtiles) character file.

Game seed: 12114467079649103858

483 indigestion the Firebug (level 6, -2/45 HPs)
             Began as a Draconian Fire Elementalist on June 27, 2022.
             Slain by Pikel
             ... wielding a +2 whip of freezing
              (4 damage)
             ... on level 4 of the Dungeon.
             The game lasted 00:16:48 (4645 turns).

indigestion the Firebug (DrFE)                      Turns: 4645, Time: 00:16:48

Health: -2/45      AC:  6    Str: 10    XL:     6   Next: 87%
Magic:  10/10      EV: 12    Int: 18    God:
Gold:   174        SH:  0    Dex: 11    Spells: 7/11 levels left

rFire   . . .      SeeInvis +   b - +0 dagger
rCold   . . .      Faith    .   (no shield)
rNeg    + . .      Spirit   .   (body armour unavailable)
rPois   .          Reflect  .   (helmet restricted)
rElec   .          Harm     .   (no cloak)
rCorr   .          Rampage  .   (no gloves)
Will    .....                   (no boots)
Stlth   ++........              (no amulet)
HPRegen 0.15/turn               e - ring of see invisible
MPRegen 0.12/turn               l - ring of positive energy

@: slowed, very slow
A: AC +6, unfitting armour, cold-blooded
a: no special abilities


You were on level 4 of the Dungeon.
You visited 1 branch of the dungeon, and saw 4 of its levels.

You collected 174 gold pieces.

Inventory:

Hand Weapons
 b - a +0 dagger (weapon)
 f - a +0 spear
Jewellery
 e - a ring of see invisible (left hand)
 l - a ring of positive energy (right hand)
Scrolls
 c - a scroll of silence {unknown}
 d - a scroll of amnesia
 k - a scroll of teleportation {unknown}
 m - a scroll of enchant weapon {unknown}
 n - a scroll of identify
Potions
 a - a potion of magic
 g - a potion of might
 h - a potion of curing
 o - a potion of brilliance {unknown}
 p - a potion of heal wounds {unknown}


   Skills:
 - Level 1.7 Dodging
 - Level 1.7 Stealth
 - Level 3.3 Spellcasting
 - Level 2.6 Conjurations
 * Level 3.6 Hexes
 - Level 5.2 Fire Magic


You had 7 spell levels left.
You knew the following spells:

 Your Spells              Type           Power      Damage    Failure   Level
a - Foxfire               Conj/Fire      68%        2x1d7     3%          1
b - Inner Flame           Hex/Fire       18%        N/A       8%          3

Your spell library contained the following spells:

 Spells                   Type           Power      Damage    Failure   Level
 Scorch                   Fire           42%        2d7       2%          2
 Conjure Flame            Conj/Fire      17%        6-21      10%         3
 Ensorcelled Hibernation  Hex/Ice        18%        N/A       12%         2
 Passwall                 Tmut/Erth      1%         N/A       24%         2
 Flame Wave               Conj/Fire      17%        2d6       30%         4
 Swiftness                Air            2%         N/A       43%         3
 Conjure Ball Lightning   Conj/Air       3%         3x3d6     100%        6
 Discord                  Hex            7%         N/A       100%        8
 Disjunction              Tloc           1%         N/A       100%        8


Dungeon Overview and Level Annotations

Branches:
Dungeon (4/15)
 Temple: D:4-7

Altars:

Annotations:
D:4 Pikel


Innate Abilities, Weirdness & Mutations

Your plain brown scales are hard. (AC +6)
You cannot fit into any form of body armour.
You are cold-blooded and may be slowed by cold attacks.


Message History

You climb downwards.
Level annotation: Pikel Pikel hits you with a +2 whip of freezing.
You feel yourself slow down. Pikel freezes you. The lemure hits you. x2
Pikel hits you with a +2 whip of freezing.
You feel as though you will be slow longer.
Pikel freezes you. The lemure hits you.
There is a stone staircase leading up here.
Pikel hits you with a +2 whip of freezing.
You feel as though you will be slow longer.
Pikel freezes you. The lemure closely misses you.
You climb upwards.
There is a stone staircase leading down here.
Casting: Inner Flame (dangerous; 8% risk of failure)
Confirm with . or Enter, or press ? or * to list all spells.
There is not enough space to conjure foxfire!
Pikel hits you with a +2 whip of freezing!
Pikel freezes you. The lemure barely misses you.
The lemure hits you but does no damage.
Pikel hits you with a +2 whip of freezing.
* * * LOW HITPOINT WARNING * * *
You feel as though you will be slow longer.
Pikel freezes you.
* * * LOW HITPOINT WARNING * * *
The lemure completely misses you. The lemure hits you but does no damage.
You climb downwards.
The lemure shouts!
The lemure misses you. The lemure hits you but does no damage.
The lemure hits you.
* * * LOW HITPOINT WARNING * * *
There is a stone staircase leading up here.
This is a scroll of acquirement!
Something appears at your feet! Pikel hits you but does no damage.
The lemure hits you but does no damage. The lemure barely misses you.
The lemure misses you. The lemure barely misses you.
The lemure barely misses you. The lemure hits you but does no damage.
Pikel hits you with a +2 whip of freezing!
* * * LOW HITPOINT WARNING * * *
Pikel freezes you.
You die...

## ###.## #.##.#
##.#..# # ###
#.....# # #.###
###..#..## ##
##.K###..####..##
#. ##5@5..##
##..####. ##55.##
##..##.. #...#
#...... #...#
##..... #K....#
###### #..##..#
>..## #..# ...#
#.. .>.# #..


You could see Pikel, 4 lemures and a kobold (wandering).

Vanquished Creatures
  Sigmund (D:3)
  An ogre (D:4)
  A phantom (D:4)
  A hound (D:4)
  Natasha (D:4)
  3 adders
  A dart slug (D:3)
  10 endoplasms
  2 giant cockroaches
  7 goblins
  11 hobgoblins
  A jackal (D:3)
  6 kobolds
  2 quokkas
  13 ball pythons
  3 bats (D:1)
  4 frilled lizards
  4 rats
72 creatures vanquished.

Vanquished Creatures (others)
  173 foxfires
173 creatures vanquished.

Grand Total: 245 creatures vanquished

Notes
Turn   | Place    | Note
-------+----------+-------------------------------------------
     0 | D:1      | indigestion the Draconian Fire Elementalist began the quest
                  | for the Orb.
     0 | D:1      | Reached XP level 1. HP: 14/14 MP: 3/3
   330 | D:1      | Reached XP level 2. HP: 20/20 MP: 3/5
   678 | D:1      | Reached XP level 3. HP: 24/26 MP: 0/6
  1628 | D:2      | Learned a level 3 spell: Inner Flame
  2480 | D:3      | Reached XP level 4. HP: 33/33 MP: 5/8
  3092 | D:3      | Found a faded altar of an unknown god.
  3146 | D:3      | Noticed Sigmund
  3170 | D:4      | Noticed Pikel
  3170 | D:4      | Noticed a lemure
  3170 | D:4      | Noticed a lemure
  3170 | D:4      | Noticed a lemure
  3170 | D:4      | Noticed a lemure
  3296 | D:2      | Identified the +0 ring mail of Ennui {rElec Dex+4 Stlth-}
  3831 | D:3      | Killed Sigmund
  3832 | D:3      | Reached skill level 5 in Fire Magic
  3832 | D:3      | Reached XP level 5. HP: 13/38 MP: 0/9
  3832 | D:3      | Reached XP level 6. HP: 15/45 MP: 0/10
  4537 | D:4      | Noticed Natasha
  4543 | D:4      | Killed Natasha
  4644 | D:4      | Identified a scroll of acquirement
  4644 | D:4      | Acquired the amulet "Cokieb" {Faith Regen+ Int+2}
  4645 | D:4      | HP: 2/45 [Pikel/+2 whip of freezing (9)]
  4645 | D:4      | Slain by Pikel

Illustrated notes

Levels and vault maps discovered:
D:1:      dpeg_arrival_central, layout_basic, serial_curves, eino_curves_02,
          eino_curves_04, st_stairs_5, roderic_serpentine_path
D:2:      layout_loops_corners
D:3:      layout_loops_ring, shapermc_ecumenical_altar_hornbeckon,
          minmay_unequal, uniq_sigmund
D:4:      layout_layer_cave, serial_shops, nicolae_shop_bloodbath_and_beyond,
          kennysheep_path_1, minmay_misc_feat_secret_circle, solitary_fountain,
          uniq_blork_the_orc, uniq_pikel, uniq_ijyb, uniq_natasha

Skill      XL: |  1  2  3  4  5  6 |
---------------+-------------------+-----
Conjurations   | 2 |  2.6
Spellcasting   | 3 |  3.3
Hexes          | 2 3 |  3.6
Fire Magic     | 5 |  5.2
Dodging        | |  1.7
Stealth        | |  1.7

Action                   |  1- 3 |  4- 6 || total
-------------------------+-------+-------++-------
Melee: Dagger            |    45 |    21 ||    66
       Tailslap          |     2 |     2 ||     4
 Cast: Foxfire           |    53 |    53 ||   106
       Inner Flame       |       |     5 ||     5
  Use: Scroll            |     2 |     4 ||     6
       Potion            |     1 |     1 ||     2
 Stab: Sleeping          |     1 |       ||     1
Armor: Skin              |    12 |    19 ||    31
Dodge: Dodged            |    35 |    42 ||    77

Table legend: (Time is in decaauts)
 A = Elapsed time spent in this place.
 B = Non-inter-level travel time spent in this place.
 C = Inter-level travel time spent in this place.
 D = Time resting spent in this place.
 E = Time spent auto-exploring this place.
 F = Levels seen in this place.
 G = Mean time per level.
                   A        B        C        D        E       F      G
               +--------+--------+--------+--------+--------+-----+--------+
         Total |   4657 |   4446 |    211 |    901 |   2863 |   4 | 1164.2 |
       Dungeon |   4657 |   4446 |    211 |    901 |   2863 |   4 | 1164.2 |
               +--------+--------+--------+--------+--------+-----+--------+

Top non-repeatable levels by time:
     D:3: 1721 daAuts
     D:1: 1343 daAuts
     D:2: 1243 daAuts
     D:4: 349 daAuts
